[Event "*** Titled Tuesday Blitz"]
[Site "Chess.com"]
[Date "2020.02.04"]
[Round "9"]
[White "HouseOfDurin"]
[Black "secretsuperstar7"]
[Result "1-0"]
[WhiteElo "2091"]
[BlackElo "2226"]
[TimeControl "180+2"]
[EndTime "11:12:38 PST"]
[Termination "HouseOfDurin won by resignation"]

1. d4 Nf6 2. Bg5 d5 3. Bxf6 exf6 4. e3 c6 5. c4 Nd7 6. cxd5 cxd5 7. Nc3 Qa5 8. Ne2 Bd6 9. g3 O-O 10. Bg2 Nb6 11.
a3 Be6 12. b4 Qa6 13. Qb3 Qc4 14. Qxc4 dxc4 15. Bxb7 Rab8 16. Bg2 Bd7 17. O-O Na4 18.
Ne4 Be7 19. Rfc1 Bb5 20. Nc5 Bxc5 21. dxc5 Rbd8 22. Nd4 Bd7 23. Rxc4 Be6 24. Rc2 a5 25. Bc6 Bd7 26. Rac1 Bxc6 27. Nxc6 Rd3 28. Nxa5 Rxa3 29.
Nb7 g6 30. c6 Nb6 31. c7 Nc8 32. b5 Re8 33. Rd1 Rb3 34. Rd8 Kf8 35. Rc5 Ke7 36. Rxe8+ Kxe8 37. Kg2 Kd7 38. h4 Rb2 39. Kf3 Rb1 40.
h5 Rb4 41. hxg6 fxg6 42. g4 h6 43. Na5 Kd6 44. Rc6+ Kd7 45. Rxf6 Kxc7 46. Rxg6 Rxb5 47. Nc4 Ne7 48. Rxh6 Kd7 49. Rh7 Rc5 50. Nd2 Ke6 51.
Ne4 Re5 52. Rh6+ Kd7 53. Ng3 Nd5 54. Rh5 Re8 55. Rxd5+ 1-0

[Event "*** Titled Tuesday Blitz"]
[Site "Chess.com"]
[Date "2020.02.04"]
[Round "9"]
[White "Nalatac"]
[Black "SergioGarciaFuentes"]
[Result "1-0"]
[WhiteElo "2274"]
[BlackElo "2158"]
[TimeControl "180+2"]
[EndTime "11:12:39 PST"]
[Termination "Nalatac won by resignation"]

1. d4 d5 2. c4 c6 3. Nf3 Nf6 4. Nc3 a6 5. cxd5 cxd5 6. Bf4 Nc6 7. Rc1 e6 8. e3 Be7 9. Bd3 O-O 10. h3 Bd6 11.
Bxd6 Qxd6 12. O-O b5 13. a4 b4 14. Nb1 Bb7 15. Nbd2 e5 16. dxe5 Nxe5 17. Nxe5 Qxe5 18.
Qb3 d4 19. e4 Nxe4 20. Nxe4 Bxe4 21. Rfe1 Qd5 22. Qxd5 Bxd5 23. Rc5 Be6 24. Re4 Rfd8 25. a5 Rd6 26. f4 g6 27. g4 Rad8 28. f5 Bc8 29. Kf2 Kg7 30. Ree5 Bb7 31. Re7 R8d7 32. Rxd7 Rxd7 33. g5 gxf5 34. Rxf5 Rd5 35. Rxd5 Bxd5 36. Bxa6 Kg6 37. h4 Kh5 38. Kg3 Be4 39. Be2+ Kg6 40.
Bf3 Bd3 41. Kf4 f6 42. Be4+ Bxe4 43. Kxe4 1-0

[Event "*** Titled Tuesday Blitz"]
[Site "Chess.com"]
[Date "2020.02.04"]
[Round "9"]
[White "petrpalachev"]
[Black "Bigfish1995"]
[Result "1-0"]
[WhiteElo "2693"]
[BlackElo "3016"]
[TimeControl "180+2"]
[EndTime "11:12:45 PST"]
[Termination "petrpalachev won by resignation"]

1. d4 Nf6 2. c4 g6 3. Nc3 Bg7 4. e4 d6 5. h3 O-O 6. Be3 Na6 7. g4 e5 8. d5 Nc5 9. f3 a5 10. Nge2 Kh8 11. Ng3 Ng8 12. h4 f5 13. h5 f4 14.
hxg6 h6 15. Bxc5 fxg3 16. Be3 Bf6 17. Rh5 Kg7 18. Qd2 Bg5 19. Bxg5 hxg5 20. Qe3 Qf6 21.
Bg2 Kxg6 22. Ne2 Bxg4 23. fxg4 Qf2+ 24. Kd2 Rf4 25. Qxf2 Rxf2 26. Rg1 b5 27. cxb5 a4 28. a3 Rb8 29. Rh3 Rxb5 30. b4 axb3 31. Rxg3 b2 32.
Rb1 Ne7 33. a4 Rb4 34. a5 Nc8 35. Ke1 Rf7 36. Ra3 Rh7 37. Ra2 Rh2 38. Kf1 Rc4 39.
Rbxb2 c6 40. dxc6 Na7 41. Rc2 Rb4 42. c7 Rb1+ 43. Kf2 Rh8 44. Ng3 Kf6 45. Nf5 Ke6 46. Rd2 Nb5 47. Rab2 Rxb2 48. Rxb2 Nxc7 49. Rb6 Rd8 50.
a6 Na8 51. Rc6 Rd7 52. Bf1 Ra7 53. Bc4+ Kd7 54. Rxd6+ Kc7 1-0

[Event "*** Titled Tuesday Blitz"]
[Site "Chess.com"]
[Date "2020.02.04"]
[Round "9"]
[White "vinniethepooh"]
[Black "GukeshDommaraju"]
[Result "0-1"]
[WhiteElo "2788"]
[BlackElo "2687"]
[TimeControl "180+2"]
[EndTime "11:12:49 PST"]
[Termination "GukeshDommaraju won by resignation"]

1. d4 Nf6 2. c4 e6 3. Nc3 Bb4 4. e3 O-O 5. Bd3 d5 6. Nf3 c5 7. O-O cxd4 8. exd4 dxc4 9. Bxc4 b6 10. Bg5 Bb7 11. Qe2 Bxc3 12. bxc3 Nbd7 13. Ne5 Qc7 14. Nxd7 Nxd7 15. Rac1 h6 16. Bh4 Rac8 17. Bd3 Rfe8 18. Bg3 Qc6 19. f3 Nf6 20. Be5 Nd5 21. Qe4 f5 22. Qe1 Qd7 23. c4 Ne7 24. Qg3 Nc6 25. Rfd1 Nxe5 26. Qxe5 Qc7 27. Qxc7 Rxc7 28. Kf2 Kf7 29.
c5 Rec8 30. Rb1 bxc5 31. dxc5 Bd5 32. Rdc1 Rxc5 33. Rxc5 Rxc5 34. Rb4 Rc3 35. Be2 Ra3 36.
Bc4 a5 37. Rb3 Rxa2+ 38. Kg3 Bxc4 39. Rb7+ Kf6 40. h4 Bf1 41. Kf4 e5+ 42. Ke3 Re2+ 43. Kd3 Rb2+ 0-1

[Event "*** Titled Tuesday Blitz"]
[Site "Chess.com"]
[Date "2020.02.04"]
[Round "9"]
[White "Quiet_Desperation"]
[Black "dabee"]
[Result "0-1"]
[WhiteElo "2418"]
[BlackElo "2575"]
[TimeControl "180+2"]
[EndTime "11:12:49 PST"]
[Termination "dabee won by resignation"]

1. e4 e5 2. Nf3 Nc6 3. Bb5 Bc5 4. c3 Nge7 5. O-O Bb6 6. d4 exd4 7. cxd4 Ng6 8. Bg5 f6 9. Be3 O-O 10. Nc3 Nce7 11. Bc4+ Kh8 12. e5 d5 13. exd6 cxd6 14. h3 d5 15. Bd3 Bf5 16. Na4 Be4 17. Bxe4 dxe4 18. Nxb6 Qxb6 19. Nd2 f5 20. d5 Qd6 21.
Rc1 Qxd5 22. Rc5 Qxa2 23. Qc2 Rac8 24. Rc1 Rxc5 25. Bxc5 Rc8 26. Qd1 Qxb2 27. Rb1 Qe5 28. Bxa7 b5 29. Nf1 h6 30. Qd7 Qc7 31. Qd4 Qc4 32.
Qe3 Nd5 33. Qg3 Kh7 34. Ne3 f4 35.
Nxc4 fxg3 36. Nd6 Ra8 37. Bd4 gxf2+ 38. Bxf2 b4 39. Nxe4 Rb8 40. Bd4 Ngf4 41. Kh2 Ne2 42. Be5 Re8 43. Re1 Rxe5 44. Rxe2 b3 45. Kg3 Rxe4 46.
Rxe4 b2 47. Re1 Nc3 48. Kf3 b1=Q 49. Rxb1 Nxb1 0-1

[Event "*** Titled Tuesday Blitz"]
[Site "Chess.com"]
[Date "2020.02.04"]
[Round "9"]
[White "Atanejhad"]
[Black "VladDobrov"]
[Result "1-0"]
[WhiteElo "2628"]
[BlackElo "2893"]
[TimeControl "180+2"]
[EndTime "11:12:55 PST"]
[Termination "Atanejhad won by resignation"]

1. e4 c6 2. d4 d5 3. exd5 cxd5 4. Bd3 Nc6 5. c3 Qc7 6. h3 e6 7. Nf3 Bd6 8. O-O Nge7 9. Re1 Bd7 10. Nbd2 f6 11. Qc2 O-O-O 12. b4 Kb8 13. Nb3 e5 14. b5 e4 15. bxc6 exd3 16. Qxd3 Nxc6 17. Nc5 Rde8 18.
Nxd7+ Qxd7 19. Rxe8+ Qxe8 20. Rb1 Qd7 21. c4 Nb4 22.
Qb3 dxc4 23. Qxc4 Nd5 24. Ne5 Bxe5 25. dxe5 fxe5 26. Qe4 Re8 27. Bb2 Ka8 28. Rd1 Rd8 29. Bxe5 Qe6 30. f4 g6 31. Qf3 a6 32. Kh1 Rd7 33.
Qe4 Nf6 34. Qb1 Rxd1+ 35. Qxd1 Nd7 36. Qd4 Qb6 37. Qxd7 Qb1+ 38. Kh2 Qxa2 39. Qd8+ 1-0

[Event "*** Titled Tuesday Blitz"]
[Site "Chess.com"]
[Date "2020.02.04"]
[Round "9"]
[White "marabu44"]
[Black "saraswathii"]
[Result "0-1"]
[WhiteElo "2269"]
[BlackElo "2172"]
[TimeControl "180+2"]
[EndTime "11:12:57 PST"]
[Termination "saraswathii won by resignation"]

1. b3 Nc6 2. Bb2 Nf6 3. Nf3 g6 4. e4 Bg7 5. e5 Nd5 6. c4 Nb6 7. d4 d6 8. exd6 cxd6 9. Qd2 O-O 10. Be2 e5 11. d5 Ne7 12. Nc3 f5 13. O-O a6 14. Rae1 Kh8 15. Ng5 Ng8 16. f4 Nf6 17. Bd3 e4 18. Bb1 h6 19. Nh3 Ng4 20. Nd1 Qc7 21.
Bxg7+ Qxg7 22. Ne3 Nf6 23. Nf2 Bd7 24. Nfd1 Nh5 25. g3 Nf6 26. Nc3 a5 27. a4 Rfc8 28. Nb5 Bxb5 29. axb5 a4 30. Bc2 axb3 31. Bxb3 Ra3 32.
Qb2 Rca8 33. Ra1 Nfxd5 34. Qxg7+ Kxg7 35. Nxd5 Nxd5 36. Rxa3 Rxa3 37. Rb1 Nb6 38. Kf2 Kf6 39. Ke3 Nxc4+ 40. Ke2 d5 41. Bxc4 dxc4 42. Rc1 c3 43. Ke3 Ke6 44. Kd4 Kd6 45. Kc4 Ra2 46. Rxc3 Rxh2 47. Rc1 Rd2 48. Kc3 Rd3+ 49. Kc4 Rxg3 50. Rd1+ Rd3 51. Rh1 Rf3 52. Rxh6 Rxf4 53. Kd4 Rg4 54.
Rh7 b6 55. Rb7 e3+ 56. Kxe3 Kc5 57. Rc7+ Kxb5 58. Rc8 Kb4 59. Kd3 b5 60. Kc2 Rc4+ 0-1

[Event "*** Titled Tuesday Blitz"]
[Site "Chess.com"]
[Date "2020.02.04"]
[Round "9"]
[White "M1711"]
[Black "MFBerna"]
[Result "1-0"]
[WhiteElo "2511"]
[BlackElo "2337"]
[TimeControl "180+2"]
[EndTime "11:13:22 PST"]
[Termination "M1711 won on time"]

1. a3 d5 2. h3 e5 3. e3 Nc6 4. d3 Nf6 5. Nc3 Bd6 6. Qd2 O-O 7.
Nf3 Re8 8. Be2 d4 9. Ne4 dxe3 10. Qxe3 Nd5 11. Qd2 Nf4 12. O-O Bxh3 13. gxh3 Qd7 14. Qd1 Nxh3+ 15. Kh1 Qg4 16. Nh2 Qh4 17. Bg4 Nd4 18.
Bxh3 Qxh3 19. Be3 Ne6 20. Qg4 Qxg4 21. Nxg4 f5 22. Nxd6 cxd6 23. Nh2 Rec8 24. c3 d5 25. Bd2 Kf7 26. Rfe1 Kf6 27. Nf3 e4 28. dxe4 dxe4 29. Nd4 Nxd4 30. cxd4 Rc2 31. Be3 g5 32. d5 f4 33. Bd4+ Kf5 34. Rad1 Rd8 35. Bc3 Rxf2 36. d6 e3 37. Rd5+ Ke4 38. Rxg5 Rxd6 39. Rh5 e2 40. Kg1 Ke3 41. Bb4 Rg6+ 42. Kh1 Rf1+ 43. Kh2 f3 44. Bc5+ Kd3 45. Bb4 Rg2+ 46. Kh3 1-0

[Event "*** Titled Tuesday Blitz"]
[Site "Chess.com"]
[Date "2020.02.04"]
[Round "9"]
[White "Manukyan_Artak"]
[Black "riconaipe"]
[Result "0-1"]
[WhiteElo "2332"]
[BlackElo "2522"]
[TimeControl "180+2"]
[EndTime "11:13:23 PST"]
[Termination "riconaipe won by resignation"]

1. e4 e6 2. d4 d5 3. e5 c5 4. c3 f6 5. f4 Nc6 6. Nf3 Nh6 7. Bd3 Be7 8. O-O O-O 9. Kh1 Bd7 10.
Be3 c4 11. Bc2 Be8 12. exf6 gxf6 13. Qe1 Bg6 14. Bxg6 hxg6 15. Nbd2 Qe8 16. h3 Bd6 17. g4 Kh7 18. Kg2 Qf7 19. Qh4 Qg7 20. Rae1 Rae8 21. Ng5+ fxg5 22. fxg5 Rxf1 23. Nxf1 e5 24. gxh6 Qf7 25.
g5 exd4 26. Bxd4 Nxd4 27. cxd4 Rxe1 28. Qxe1 Qf4 29. Qe3 Qxe3 30. Nxe3 Bf4 31. Nxd5 Bxg5 32. Kf3 Kxh6 33. Ne3 b5 34. d5 Kg7 35. a4 a6 36.
axb5 axb5 37. Ke4 Kf7 38. Nd1 Bf6 39. Nc3 b4 40. Na4 Ke7 41. h4 Kd6 42. Nb6 c3 43. bxc3 b3 44. Na4 Bg7 45. h5 gxh5 46.
c4 h4 47. c5+ Kc7 48. Kf3 Bd4 49. c6 Kd6 50. Kg4 Bf6 51. Kh3 Bd8 52. Kg4 Kxd5 53.
c7 Bxc7 54. Kxh4 Be5 55. Kg4 Bd4 56. Kf3 Kc4 57. Ke2 Kb5 58. Kd3 Kxa4 0-1

[Event "*** Titled Tuesday Blitz"]
[Site "Chess.com"]
[Date "2020.02.04"]
[Round "9"]
[White "tunadrol"]
[Black "sganerdene"]
[Result "0-1"]
[WhiteElo "2590"]
[BlackElo "2733"]
[TimeControl "180+2"]
[EndTime "11:13:26 PST"]
[Termination "sganerdene won by resignation"]

1. e4 c5 2. Nf3 d6 3. d4 cxd4 4. Nxd4 Nf6 5. Nc3 Nc6 6. Be3 e6 7.
f3 Be7 8. Qd2 O-O 9. O-O-O d5 10. Qe1 e5 11. Nxc6 bxc6 12. exd5 cxd5 13. Bg5 Be6 14.
Qxe5 Qa5 15. Qd4 Rab8 16. Bd3 Rb4 17. Qe5 Rfb8 18. b3 Qc5 19. Ne2 a5 20. Be3 Qc8 21. Bd4 a4 22. Kb1 Ne8 23. Qe3 Bf6 24. Bxf6 Nxf6 25.
Nd4 Qc5 26. Rhe1 Rxd4 27. Qxd4 Qxd4 28. Bxh7+ Kxh7 29. Rxd4 axb3 30. cxb3 Ne8 31. Kc2 Nd6 32. g4 Kg6 33. a4 Nb7 34. b4 Kf6 35. h4 Nd6 36. b5 Nc4 37. Kb3 Ra8 38. Kb4 g6 39. g5+ Kf5 40. Re2 Ra7 41. f4 Kg4 42. Ra2 Kf3 43. a5 Ke3 44. Rd1 d4 45. f5 gxf5 46.
g6 d3 47. g7 Ra8 48. b6 Nxb6 49. axb6 Bxa2 50. Kc5 Rb8 51. Kc6 f6 52. Kc7 Rxb6 53.
Kxb6 d2 54. h5 Bg8 55. h6 Ke2 56. Ra1 d1=Q 57. Rxd1 Kxd1 58. Kc5 f4 59. Kd4 Ke2 60. Ke4 f3 61. Kf5 f2 62. Kg6 f1=Q 63. h7 Qg2+ 64. Kxf6 Bxh7 0-1

[Event "*** Titled Tuesday Blitz"]
[Site "Chess.com"]
[Date "2020.02.04"]
[Round "9"]
[White "WPWPWP-2015"]
[Black "Grieve72"]
[Result "0-1"]
[WhiteElo "2498"]
[BlackElo "2345"]
[TimeControl "180+2"]
[EndTime "11:13:39 PST"]
[Termination "Grieve72 won by resignation"]

1. e4 c5 2. Nf3 e6 3. d4 cxd4 4. Nxd4 Nc6 5. Nc3 Qc7 6. Be2 a6 7. O-O Nf6 8. Be3 Bb4 9. Na4 Be7 10. Nxc6 bxc6 11. Nb6 Rb8 12. Nxc8 Qxc8 13. e5 Nd5 14. Bc1 O-O 15. c4 Nb6 16. Bd3 c5 17. Qh5 g6 18.
Qe2 d5 19. cxd5 exd5 20. f4 c4 21. Bc2 Bc5+ 22. Kh1 d4 23. Be4 d3 24. Qf3 Bd4 25. f5 Bxe5 26. Bh6 Bxb2 27. Rab1 Bg7 28. Bxg7 Kxg7 29.
Qe3 Nd7 30. Qd4+ f6 31. Rbc1 Ne5 32. fxg6 hxg6 33. Bxd3 Nxd3 34. Rxc4 Qd8 35. Qc3 Ne5 36. Rc7+ Rf7 37. Rc5 Qd6 38. h3 Rbb7 39. Qa5 Rfc7 40. Rd5 Qe6 41. Rd8 Rc2 42. Qa3 Rf7 43. Rd6 Qc4 44. Re1 Rc3 45. Qa5 Rd3 46. Qd8 Rxd6 47.
Qxd6 Rd7 48. Qb8 Qxa2 49. Rxe5 Qa1+ 50. Kh2 Qxe5+ 51. Qxe5 fxe5 0-1

[Event "*** Titled Tuesday Blitz"]
[Site "Chess.com"]
[Date "2020.02.04"]
[Round "9"]
[White "Hydrargyrum_Girl"]
[Black "GM-2023"]
[Result "1-0"]
[WhiteElo "2191"]
[BlackElo "2083"]
[TimeControl "180+2"]
[EndTime "11:13:42 PST"]
[Termination "Hydrargyrum_Girl won on time"]

1. d4 Nf6 2. Nc3 d5 3. Bg5 Nbd7 4. e3 h6 5. Bh4 g5 6. Bg3 Bg7 7. Bd3 c5 8. Nf3 a6 9. Ne5 cxd4 10. exd4 Qb6 11.
O-O Qxd4 12. Re1 Qb6 13. Bf5 Nxe5 14. Bxc8 Nc6 15. Bf5 d4 16. Ne4 O-O 17. b3 e6 18.
Nxf6+ Bxf6 19. Bd3 e5 20. Qf3 Kg7 21. Qf5 Rh8 22.
Re2 Rae8 23. Rae1 Ne7 24. Qd7 Rd8 25. Qg4 Nc6 26. Qf5 Qc5 27. a4 Qe7 28. Bc4 Qd6 29. Rd1 Ne7 30. Qg4 Ng6 31. Bd3 Rhe8 32. Rde1 Qe6 33.
Bf5 Qd5 34. Be4 Qd6 35. Bd3 Re7 36. Re4 Rde8 37. Qf5 Qe6 38. Qf3 Nf4 39. Bf1 Kh8 40. h4 gxh4 41. Bxf4 Rg8 42. Bxh6 Kh7 43. Bf4 Rg6 44.
Qh5+ Kg8 45. Bxe5 Bxe5 46. Rxe5 1-0

[Event "*** Titled Tuesday Blitz"]
[Site "Chess.com"]
[Date "2020.02.04"]
[Round "9"]
[White "Nikolakis2014"]
[Black "Shield12"]
[Result "0-1"]
[WhiteElo "2721"]
[BlackElo "2895"]
[TimeControl "180+2"]
[EndTime "11:13:49 PST"]
[Termination "Shield12 won by checkmate"]

1. Nf3 c5 2. c4 Nf6 3. Nc3 Nc6 4. e3 g6 5. d4 cxd4 6. exd4 d5 7. cxd5 Nxd5 8. Qb3 Nxc3 9. Bc4 Nd5 10. Bxd5 e6 11.
Bxc6+ bxc6 12. Be3 Bg7 13. Qa3 Qe7 14. Qxe7+ Kxe7 15. Rc1 Bd7 16. O-O Rhb8 17. b3 a5 18. Ne5 Ra6 19. Rc4 Rb5 20. Nd3 Be8 21. Rfc1 Rd5 22. h3 g5 23. Nc5 Rb6 24. Na4 Rb4 25.
Nc3 Rd7 26. Bxg5+ Kf8 27. Ne2 Rb5 28. Be3 Rd8 29. Nc3 Rb4 30. Ne2 Rb5 31. f3 Ra8 32. Nc3 Rb4 33. Na4 Rxc4 34. Rxc4 Ke7 35. Kf2 Rb8 36.
Nc5 f5 37. Nd3 Rb5 38. h4 Kd6 39. Bf4+ Kd5 40. Ke3 Bf6 41. Bg3 c5 42. Nf4+ Kc6 43.
Nxe6 Bf7 44. d5+ Kb6 45. Bd6 Kb7 46. Kf4 Bxh4 47. Kxf5 Be1 48. Bxc5 Bg6+ 49. Kf6 Bg3 50. Ke7 Ka6 51. Kd7 Rb7+ 52. Kc8 Be8 53. Nf8 Rb8# 0-1

[Event "*** Titled Tuesday Blitz"]
[Site "Chess.com"]
[Date "2020.02.04"]
[Round "9"]
[White "Colombiano07"]
[Black "ChessPromotionAlex"]
[Result "0-1"]
[WhiteElo "2287"]
[BlackElo "2533"]
[TimeControl "180+2"]
[EndTime "11:13:52 PST"]
[Termination "ChessPromotionAlex won by checkmate"]

1. e4 c5 2. Nf3 d6 3. d4 cxd4 4. Qxd4 Nc6 5. Qe3 g6 6. Be2 Bg7 7. O-O Nf6 8. h3 O-O 9. Rd1 Qb6 10. Nc3 Nb4 11. Qd2 a6 12. a3 Nc6 13. Qf4 Bd7 14. Qh4 Rac8 15. Ng5 h6 16. Nf3 g5 17. Qg3 Rfd8 18.
Nxg5 hxg5 19. Bxg5 Kf8 20. Rab1 Ne5 21. Bxf6 Bxf6 22.
Nd5 Qc5 23. Nxf6 exf6 24. c3 Be6 25. Rd4 Ke7 26. Rbd1 a5 27. Kh2 Qb6 28. b4 axb4 29. axb4 Qc6 30. Rc1 Rg8 31. Qe3 Rh8 32. f4 Ng4+ 33.
Bxg4 Bxg4 34. f5 Rcg8 35. Qf4 Bh5 36. Rc2 Rd8 37. g4 Qb6 38. Rcd2 Bxg4 39. Qxg4 Rhg8 40. Qf4 Qc6 41. c4 b6 42. Qe3 Rd7 43. Qf4 Ra8 44.
h4 Ra3 45. h5 Rc3 46. h6 Rxc4 47. h7 Rd8 48. Rxc4 Qxc4 49. Rxd6 Rxd6 50. h8=Q Qe2+ 51. Kg3 Rd3+ 52. Kh4 Qe1+ 53. Kg4 Qg1+ 54. Kh4 Qh1+ 55. Kg4 Qg2+ 56. Kh4 Rh3# 0-1

[Event "*** Titled Tuesday Blitz"]
[Site "Chess.com"]
[Date "2020.02.04"]
[Round "9"]
[White "RaunakSadhwani2005"]
[Black "korbul"]
[Result "1-0"]
[WhiteElo "2749"]
[BlackElo "2592"]
[TimeControl "180+2"]
[EndTime "11:13:54 PST"]
[Termination "RaunakSadhwani2005 won by resignation"]

1. e4 c5 2. Nf3 e6 3. d4 cxd4 4. Nxd4 Nf6 5. Nc3 d6 6. g4 a6 7. g5 Nfd7 8. h4 b5 9. a3 Bb7 10. h5 Nc6 11. Rg1 Rc8 12. g6 hxg6 13. hxg6 Nf6 14.
gxf7+ Kxf7 15. Be3 Ne5 16. f4 Nc4 17. Bxc4 Rxc4 18.
e5 Ne4 19. Nxe4 Bxe4 20. f5 exf5 21. e6+ Kg8 22. Qd2 d5 23. O-O-O b4 24. Bg5 Qc7 25. Bf6 Rh2 26. e7 Rxd2 27. Rxg7+ Bxg7 28. e8=Q+ Bf8 29. Rxd2 Qf7 30. Qe5 Bh6 31. Qb8+ Kh7 32. Qh8+ Kg6 33. Be5 Bxd2+ 34. Kxd2 f4 35. axb4 f3 36. Qh2 Qh7 37.
Qg3+ Kf7 38. Nxf3 Qh6+ 39. Ng5+ Kg6 40. Bf4 Kf5 41. c3 Qh1 42. Nxe4 Kxe4 43. Qe3+ Kf5 44.
Qe5+ Kg4 45. Qg5+ Kf3 46. Qg3+ Ke4 47. b3 Rxc3 48. Kxc3 Qa1+ 49. Kc2 Qa2+ 50. Kd1 Qb1+ 51. Bc1 Qd3+ 52. Qxd3+ Kxd3 53. Bd2 d4 54. Be1 Ke3 55. Kc2 d3+ 56. Kc3 Ke2 57. Bd2 Kd1 58. Kxd3 a5 59. b5 a4 60. Kc3 a3 61. b6 a2 62. Kb2 Kxd2 63. Ka1 1-0

[Event "*** Titled Tuesday Blitz"]
[Site "Chess.com"]
[Date "2020.02.04"]
[Round "9"]
[White "Snegokhod"]
[Black "Harry_Rakkel"]
[Result "1/2-1/2"]
[WhiteElo "2633"]
[BlackElo "2543"]
[TimeControl "180+2"]
[EndTime "11:14:11 PST"]
[Termination "Game drawn - insufficient material"]

1. e4 c5 2. Nf3 d6 3. d4 cxd4 4. Qxd4 a6 5. Be3 Nc6 6. Qb6 g6 7. Qxd8+ Nxd8 8. Nc3 Bg7 9. Nd5 Ne6 10. O-O-O Bd7 11.
Nb6 Rd8 12. Nxd7 Rxd7 13. Bc4 Bh6 14. Bxh6 Nxh6 15. Bxe6 fxe6 16. Ng5 e5 17. f3 Rc7 18.
h4 Nf7 19. Ne6 Rc6 20. h5 g5 21. Ng7+ Kd7 22. Nf5 b5 23. Rd2 Rhc8 24. a3 Ke6 25. Ne3 Nd8 26. Rh3 h6 27. Nf5 Nf7 28. Rh1 a5 29.
Re1 b4 30. Re3 Kf6 31. Rb3 bxa3 32. Rxa3 Rc5 33. Ne3 g4 34. Nxg4+ Kg5 35. Ne3 Kxh5 36. Rd5 Rxd5 37. Nxd5 e6 38. Ne3 Rc5 39. Kd2 d5 40. c3 Nd6 41. b4 axb4 42. cxb4 Rb5 43. Ra6 Nf7 44. Rxe6 dxe4 45. Kc3 exf3 46. gxf3 Kg5 47.
Nc4 h5 48. Re7 Nh6 49. Nxe5 h4 50. f4+ Kxf4 51. Ng6+ Kg5 52. Nxh4 Kxh4 53. Kc4 Rb8 54. b5 Nf5 55. Re6 Kg5 56. Kc5 Ng7 57. Re1 Kf6 58.
b6 Ne6+ 59. Kc6 Ke7 60. b7 Rh8 61. Rxe6+ Kxe6 62. Kc7 Kd5 63. b8=Q Rxb8 64. Kxb8 1/2-1/2

[Event "*** Titled Tuesday Blitz"]
[Site "Chess.com"]
[Date "2020.02.04"]
[Round "9"]
[White "dretch"]
[Black "Atakishiyev04"]
[Result "0-1"]
[WhiteElo "2830"]
[BlackElo "2815"]
[TimeControl "180+2"]
[EndTime "11:14:12 PST"]
[Termination "Atakishiyev04 won on time"]

1. d4 Nf6 2. c4 g6 3. Nc3 d5 4. e3 Bg7 5. Qb3 dxc4 6. Bxc4 O-O 7. Nf3 Nc6 8. Be2 a6 9. Ne5 Nxe5 10. dxe5 Nd7 11. f4 Nc5 12. Qd5 Ne6 13. O-O c6 14. Qb3 Qc7 15. Bd2 Rd8 16. Ne4 b6 17. Rac1 c5 18. Bc3 Bb7 19. Ng3 Nf8 20. f5 e6 21. e4 Qc6 22. Rf3 Rd7 23. Rcf1 Rad8 24. a4 Bh6 25. Bc4 Re8 26. h4 Rde7 27. h5 Rd8 28.
hxg6 hxg6 29. fxg6 fxg6 30. Rf6 Be3+ 31. R1f2 Bxf2+ 32.
Kxf2 Rf7 33. Kg1 Rxf6 34. exf6 Kf7 35. Bf1 Nh7 36. Qc2 Qd6 37. e5 Qd1 38. Qf2 Qxa4 39.
Qe3 Nf8 40. Qh6 Rd7 41. Bd3 Qg4 42. Qe3 c4 43. Be2 Qh4 44. Nh1 Nh7 45. Nf2 Qg5 46. Qh3 Nf8 47. Bxc4 Qc1+ 48. Bf1 a5 49. Nd3 Qd1 50. Nf2 Qa1 51. Qf3 Bxf3 52. gxf3 Qb1 53.
Ne4 Nh7 54. Kf2 Qc2+ 55. Be2 Rd1 56. Ke3 Qc1+ 57. Kf2 Rh1 58. Nd6+ Kf8 59. Bf1 Rxf1+ 0-1

[Event "*** Titled Tuesday Blitz"]
[Site "Chess.com"]
[Date "2020.02.04"]
[Round "9"]
[White "manmanlai1"]
[Black "Kira170"]
[Result "0-1"]
[WhiteElo "2279"]
[BlackElo "2496"]
[TimeControl "180+2"]
[EndTime "11:14:27 PST"]
[Termination "Kira170 won by resignation"]

1. e4 d6 2. d4 Nf6 3. Bd3 g6 4. c3 Bg7 5. Nf3 O-O 6. O-O c5 7. Re1 Nc6 8. h3 a6 9. Qe2 cxd4 10. cxd4 Nd7 11. Be3 e5 12. dxe5 Ndxe5 13. Nxe5 dxe5 14. Nc3 Nd4 15. Qd1 Be6 16. Rc1 Rc8 17. Bf1 Qd7 18. b3 Rfd8 19. Ne2 Bxh3 20. Rxc8 Qxc8 21. Bxd4 Be6 22. Nc1 exd4 23. Nd3 Qc3 24. Qe2 Qa5 25. Rc1 h5 26. g3 Rc8 27. Rxc8+ Bxc8 28. e5 Qc3 29. Bg2 Bg4 30. Bf3 Bf5 31. Be4 Bg4 32. f3 Be6 33. Bxb7 a5 34. Kh2 Bh6 35. f4 Bg4 36. Bf3 Bxf3 37. Qxf3 h4 38. Qe2 hxg3+ 39. Kxg3 Qc6 40. Qf3 Qc3 41. Qe2 Qc6 42. Qg2 Qb5 43. Qe4 Qb6 44. Kf3 Bf8 45. Qd5 Bb4 46. Ke4 Bc3 47. Nc5 Qb5 48. Qc4 Qc6+ 49. Qd5 Qb5 50. Qc4 Qe8 51. Qd5 Kg7 52. Qd7 Qa8+ 53. Kd3 Qf3+ 54. Kc4 Qf1+ 55. Kd5 Qf3+ 56. Kd6 g5 57.
Ne6+ Kg6 58. Nf8+ Kg7 59. Ne6+ Kg6 60. Nf8+ Kh5 61. Qxf7+ Kh4 62. Ng6+ Kg3 63. f5 d3 64. Qd5 Qxd5+ 65. Kxd5 d2 66. e6 d1=Q+ 67. Kc6 Qf3+ 0-1

[Event "*** Titled Tuesday Blitz"]
[Site "Chess.com"]
[Date "2020.02.04"]
[Round "9"]
[White "Ariadna_Atreides"]
[Black "zurzan"]
[Result "1-0"]
[WhiteElo "2058"]
[BlackElo "1974"]
[TimeControl "180+2"]
[EndTime "11:14:49 PST"]
[Termination "Ariadna_Atreides won on time"]

1. d4 d6 2. Nf3 f5 3. c4 Nf6 4. d5 g6 5. Nc3 Bg7 6. g3 O-O 7. Bg2 e5 8. dxe6 Bxe6 9. Ng5 Bc8 10.
Qb3 c6 11. O-O h6 12. Nh3 g5 13. f4 g4 14. Nf2 Qb6 15. Qxb6 axb6 16. e4 fxe4 17.
Ncxe4 Nxe4 18. Bxe4 Na6 19. Rb1 Nc5 20. Bg2 Rxa2 21. b4 Na4 22. Ne4 Nc3 23. Nxc3 Bxc3 24. Rd1 Ra4 25. Rxd6 Rxb4 26. Rxb4 Bxb4 27. Rxh6 Bc5+ 28.
Kf1 Kg7 29. Rh4 Rd8 30. Bb2+ Kg6 31. h3 gxh3 32. Bxh3 Bxh3+ 33. Rxh3 Rd2 34. Bc3 Rc2 35. g4 Rf2+ 36. Ke1 Rxf4 37. Rg3 Rxc4 38. Bd2 Re4+ 39. Kd1 Bd4 40. g5 c5 41. Rh3 Bg7 42. Rb3 Re6 43.
Rb5 Bd4 44. Bf4 c4 45. Kc2 Rc6 46. Bd2 Bf2 47. Rd5 Bh4 48. Be3 Re6 49. Bf4 Re4 50. Rd6+ Kf5 51. Bd2 Bxg5 52. Rxb6 Bxd2 53. Kxd2 Ke5 54.
Rxb7 Kd5 55. Rd7+ Kc5 56. Rh7 Kb4 57. Rh3 Rg4 58. Kc2 Rg2+ 59. Kc1 c3 60. Rh8 1-0

[Event "*** Titled Tuesday Blitz"]
[Site "Chess.com"]
[Date "2020.02.04"]
[Round "9"]
[White "Carnivoras"]
[Black "Andro2"]
[Result "1-0"]
[WhiteElo "2549"]
[BlackElo "2418"]
[TimeControl "180+2"]
[EndTime "11:14:54 PST"]
[Termination "Carnivoras won by resignation"]

1. d4 e6 2. Nf3 f5 3. Bg5 Nf6 4. Nbd2 Be7 5. Bxf6 Bxf6 6. e4 fxe4 7. Nxe4 O-O 8. Bd3 Nc6 9. c3 d6 10. O-O e5 11. d5 Ne7 12. c4 Bg4 13. h3 Bh5 14. Ng3 Bg6 15. Bxg6 Nxg6 16. Ne4 Nf4 17. c5 Qe7 18.
cxd6 cxd6 19. Rc1 Rac8 20. Qd2 h6 21. Kh2 Qd7 22. Rc3 Rxc3 23. Nxc3 Be7 24. Qe3 Bd8 25. Nd2 Bb6 26. Qg3 Qf7 27. Nde4 Qe7 28. Nb5 Nxd5 29. Qb3 Qe6 30. Nbxd6 Bd4 31. Qxb7 Kh8 32. Qb3 Rd8 33. Nc4 Qg6 34. Qf3 Nf4 35. g3 Ne6 36. Ncd6 Rf8 37. Qe2 Ng5 38. Nxg5 Qxd6 39. Ne4 Qb6 40. b3 Qc6 41. Qd3 Qg6 42. Kg2 a5 43.
Rc1 Rd8 44. Qe2 Rf8 45. Rc4 Qa6 46. Rc2 Qb7 47. Qd3 a4 48. bxa4 Qd5 49. Re2 Qa8 50.
Qc2 Rc8 51. Qb3 Rc3 52. Qb5 Rc2 53. Qd3 Rc8 54. Qb3 Rc3 55. Qd1 Ra3 56. Qc2 Rxa4 57. Kh2 Ra7 58. Nd6 Rd7 59. Nf5 Rf7 60. Nxd4 exd4 61.
Qc4 Rd7 62. Rd2 Qd8 63. Qd3 Qf6 64. a4 Qe5 65. Kg2 Qd5+ 66. Qf3 Qa5 67. Ra2 d3 68.
Ra1 d2 69. Kh2 Qe5 70. Rd1 Qa5 71. Qf8+ Kh7 72. Qa3 Rd4 73. Qe3 Rd7 74. Qe4+ Kh8 75. Qe8+ Kh7 76. Qxd7 Qxa4 77. Qxa4 1-0